 Dungeon Crawl Stone Soup version 0.23.1-37-gaa34b87 (webtiles) character file.

Game seed: 13537085757620546340

53 night the Firebug (level 3, -1/19 HPs)
             Began as a Tengu Fire Elementalist on Mar 27, 2019.
             Slain by a hobgoblin
             ... wielding a cursed +0 club
             ... led by Robin
              (4 damage)
             ... on level 1 of the Dungeon.
             The game lasted 00:03:48 (1347 turns).

night the Firebug (Tengu Fire Elementalist)         Turns: 1347, Time: 00:03:48

Health: -1/19      AC:  2    Str:  8    XL:     3   Next: 87%
Magic:  2/7        EV: 12    Int: 16    God:
Gold:   26         SH:  0    Dex: 14    Spells: 0/6 levels left

rFire    . . .     SeeInvis .   k - +0 battleaxe
rCold    . . .     Gourm    .   (shield currently unavailable)
rNeg     . . .     Faith    .   a - +0 robe
rPois    .         Spirit   .   (helmet restricted)
rElec    .         Reflect  .   (no cloak)
rCorr    .         Harm     .   (no gloves)
MR       .....                  (boots unavailable)
Stlth    ++........             (no amulet)
HPRegen  0.06/turn              (no ring)
MPRegen  0.10/turn              (no ring)

@: very slightly contaminated
A: beak, talons 3
a: no special abilities


You were on level 1 of the Dungeon.
You were not hungry.

You visited 1 branch of the dungeon, and saw 2 of its levels.

You collected 26 gold pieces.

Inventory:

Hand Weapons
 f - a +0 short sword
 k - a +0 battleaxe (weapon)
Missiles
 b - 26 sling bullets
 d - 10 arrows
 h - 51 bolts
Armour
 a - a +0 robe (worn)
Scrolls
 e - a scroll of amnesia {unknown}
 l - a scroll of identify {unknown}
Potions
 g - 2 potions of mutation {unknown}
 j - a potion of degeneration {unknown}
Comestibles
 c - a ration


   Skills:
 - Level 2.1 Dodging
 - Level 2.0 Stealth
 + Level 2.3 Spellcasting
 * Level 3.2 Conjurations
 * Level 4.1 Fire Magic


You couldn't memorise any spells.
You knew the following spells:

 Your Spells              Type           Power        Failure   Level  Hunger
a - Flame Tongue          Conj/Fire      ##...        4%          1    #......
b - Throw Flame           Conj/Fire      ##....       7%          2    ###....
c - Conjure Flame         Conj/Fire      ##......     13%         3    ###....

Your spell library contained the following spells:

 Spells                   Type           Power        Failure   Level  Hunger
 Inner Flame              Hex/Fire       #.......     26%         3    ###....
 Sticky Flame             Conj/Fire      ##......     41%         4    #####..
 Fireball                 Conj/Fire      ##........   77%         5    ######.


Dungeon Overview and Level Annotations

Branches:
Dungeon (2/15)

Altars:

Annotations:
D:2 Robin


Innate Abilities, Weirdness & Mutations

You have a beak for a mouth.
You have claws for feet.


Message History

You hear a shout!
A hobgoblin comes into view. It is wielding a +0 club.
The hobgoblin hits you.
* * * LOW HITPOINT WARNING * * *
Casting: Flame Tongue (safe; 4% risk of failure)
Confirm with . or Enter, or press ? or * to list all spells.
Aiming: Flame Tongue (safe; 4% risk of failure)
Press: ? - help, Shift-Dir - straight line, f - hobgoblin
Aim: a hobgoblin The flame tongue hits the hobgoblin!
You kill the hobgoblin!
Things that are here:
a +0 club; a hobgoblin corpse
There is a stone staircase leading up here.
The hobgoblin hits you but does no damage.
You climb upwards.
There is a stone staircase leading down here.
You see here a scale mail.
The hobgoblin hits you with a cursed +0 club.
You die...

#...................#(#####
#########....#.#######.#.....#
........#....#.# #...........#
........#....#.###...........#
........#......)............##
........####.#.###.........^#
........# #................#
.)......######...#..........#
.............#..@#..........#
........####.#.g.#.#.########
.....#######.#.[.#.#.# .....#
#.....>.##.#.# [....#
#.......##.#.#
.....####.......##.#.#
.....##.........##.#.#
........####.#.###.#.#
......######.#.# #.#.#


You could see a hobgoblin.

Vanquished Creatures
  An adder (D:2)
  An ooze (D:2)
  2 dart slugs (D:1)
  4 bats (D:1)
  A giant cockroach (D:1)
  8 goblins
  6 hobgoblins
  3 kobolds (D:1)
  A ball python (D:1)
  3 frilled lizards
  4 rats (D:1)
34 creatures vanquished.

Notes
Turn   | Place    | Note
-------+----------+-------------------------------------------
     0 | D:1      | night the Tengu Fire Elementalist began the quest for the
                  | Orb.
     0 | D:1      | Reached XP level 1. HP: 10/10 MP: 4/4
   186 | D:1      | Reached XP level 2. HP: 15/15 MP: 4/6
   368 | D:1      | Learned a level 2 spell: Throw Flame
   529 | D:1      | You fall through a shaft!
   544 | D:2      | Reached XP level 3. HP: 19/19 MP: 1/7
   858 | D:1      | Learned a level 3 spell: Conjure Flame
  1231 | D:1      | Reached skill level 4 in Fire Magic
  1324 | D:2      | Noticed Robin
  1347 | D:1      | Slain by a hobgoblin

Skill      XL: |  1  2  3 |
---------------+----------+-----
Conjurations   | 2 3 |  3.2
Fire Magic     | 4 |  4.1
Dodging        | |  2.1
Stealth        | |  2.0
Spellcasting   | |  2.3

Action                   || total
-------------------------++-------
Melee: Short sword       ||     6
       Kick              ||     8
       Peck              ||     3
       Unarmed           ||     1
       Battleaxe         ||    21
 Cast: Flame Tongue      ||    32
       Throw Flame       ||     7
 Stab: Sleeping          ||     2
  Eat: Chunk             ||     2
Armor: Robe              ||     9
Dodge: Dodged            ||    28
